 Dungeon Crawl Stone Soup version 0.29-a0-1033-gb6c65ffae6 (webtiles) character file.

Game seed: 4736029049825867678

515851 drugrobin the Warrior (level 22, -3/303 (313) HPs)
             Began as a Demigod Delver on Aug 15, 2022.
             Slain by Josephina
             ... wielding a staff of cold
              (10 damage)
             ... on level 4 of the Depths.
             The game lasted 05:43:50 (80506 turns).

drugrobin the Warrior (Demigod Delver)             Turns: 80506, Time: 05:43:51

HP:   -3/303 (313)  AC: 23    Str: 24      XL:     22   Next: 93%
MP:   47/47         EV: 15    Int: 36 (39) God:
Gold: 6300          SH:  7    Dex: 12 (15) Spells: 2/51 levels left

rFire   + + .      SeeInvis .   b - +7 demon trident (venom)
rCold   . . .      Faith    .   h - +2 buckler {reflect}
rNeg    + + .      Spirit   .   e - +0 fire dragon scales
rPois   .          Reflect  +   L - +2 hood of the Assassin {Detection Stab+ Stlth++}
rElec   .          Harm     .   t - +1 cloak {Stlth+}
rCorr   .          Rampage  .   Q - +2 pair of gloves {Str+3}
Will    ++...                   v - +2 pair of boots {Fly}
Stlth   ..........              X - amulet of regeneration
HPRegen 1.40/turn               m - ring of Lehamn {rC+ rN++ Int+7}
MPRegen 0.30/turn               B - +4 ring of slaying

@: berserking, frozen, flying, studying Necromancy, lightly drained, quick
A: high MP 1, forlorn, divine attributes
}: 3/15 runes: serpentine, barnacled, silver
a: no special abilities


You were on level 4 of the Depths.
You visited 10 branches of the dungeon, and saw 44 of its levels.
You also visited: Trove and Ice Cave.

You collected 8276 gold pieces.
You spent 1976 gold pieces at shops.

Inventory:

Hand Weapons
 b - a +7 demon trident of venom (weapon)
 c - the +8 dagger of the Toadstool {speed, rElec Str+2 Dex+3}
   (You found it on level 5 of the Vaults)

   Attacks with this weapon are significantly faster.
   Str:       It affects your strength (+2).
   Dex:       It affects your dexterity (+3).
   rElec:     It insulates you from electricity.
Missiles
 w - 5 throwing nets
 N - 2 curare-tipped darts
Armour
 e - +0 fire dragon scales (worn)
 h - a +2 buckler of reflection (worn)
 t - a +1 cloak of stealth (worn)
 v - a +2 pair of boots of flying (worn)
 L - the +2 hood of the Assassin (worn) {Detection Stab+ Stlth++}
   (You found it on level 2 of the Depths)

   It allows the wearer to sense nearby creatures.
   It allows the wearer to make particularly effective stabbing attacks against
   helpless or unaware enemies with any weapon.
   Stlth:     It makes you much more stealthy.
 Q - a +2 pair of gloves of strength (worn)
Magical Staves
 a - a staff of cold
Jewellery
 j - an amulet of magic regeneration
 m - the ring of Lehamn (left hand) {rC+ rN++ Int+7}
   (You found it in a treasure trove)

   [ring of protection from cold]

   Int:       It affects your intelligence (+7).
   rC:        It protects you from cold.
   rN:        It greatly protects you from negative energy.
 x - the ring "Jemiunt" {rC+ Will+ Dex-4 SInv}
   (You bought it in a shop on level 1 of the Snake Pit)

   [ring of see invisible]

   Dex:       It affects your dexterity (-4).
   rC:        It protects you from cold.
   SInv:      It lets you see invisible.
   Will:      It increases your willpower.
 B - a +4 ring of slaying (right hand)
 S - a ring of poison resistance
 X - an amulet of regeneration (around neck)
Wands
 g - a wand of digging (9)
 i - a wand of paralysis (68)
 q - a wand of iceblast (20)
 F - a wand of flame (40)
 G - a wand of quicksilver (14)
Scrolls
 l - a scroll of amnesia
 n - 9 scrolls of fear
 o - 7 scrolls of blinking
 u - a scroll of torment
 y - 9 scrolls of immolation
 C - 10 scrolls of poison
 E - 12 scrolls of fog
 H - 4 scrolls of silence
 J - 3 scrolls of magic mapping
 O - 5 scrolls of summoning
 P - 22 scrolls of teleportation
 R - a scroll of enchant weapon
 V - 4 scrolls of vulnerability
 Z - 2 scrolls of enchant armour
Potions
 d - 6 potions of heal wounds
 f - 9 potions of haste
 k - 12 potions of curing
 p - 5 potions of resistance
 r - 6 potions of magic
 z - 5 potions of invisibility
 K - 4 potions of might
 T - 6 potions of berserk rage
 U - 4 potions of ambrosia
 W - 7 potions of lignification
Miscellaneous
 s - a phial of floods
 A - a phantom mirror
 D - a tin of tremorstones (2/2)
 I - a lightning rod (4/4)
 M - a box of beasts
 Y - a condenser vane (inert)


   Skills:
 - Level 20.3 Fighting
 - Level 1.7 Axes
 - Level 14.0 Staves
 + Level 10.6 Armour
 - Level 15.1 Dodging
 - Level 4.5 Stealth
 - Level 5.0 Shields
 - Level 15.3 Spellcasting
 - Level 12.0 Conjurations
 * Level 12.3 Necromancy
 + Level 4.0 Transmutations
 - Level 18.0 Ice Magic
 - Level 8.0 Evocations


You had 2 spell levels left.
You knew the following spells:

 Your Spells              Type           Power      Damage    Failure   Level
a - Ozocubu's Refrigerat  Ice            51%        4d18      2%          7
b - Mephitic Cloud        Conj/Pois/Air  54%        N/A       2%          3
c - Stone Arrow           Conj/Erth      100%       3d13      1%          3
d - Magic Dart            Conj           100%       1d8       1%          1
e - Searing Ray           Conj           100%       2d8       1%          2
f - Fulminant Prism       Conj/Hex       31%        3d16      3%          4
g - Freezing Cloud        Conj/Ice/Air   39%        6-21      1%          5
h - Wereblood             Tmut           54%        N/A       1%          2
i - Hailstorm             Conj/Ice       94%        3d19      1%          4
j - Frozen Ramparts       Ice            100%       1d16      0%          3
k - Ozocubu's Armour      Ice            100%       N/A       0%          3
l - Summon Ice Beast      Ice/Summ       75%        N/A       1%          4
m - Iron Shot             Conj/Erth      31%        9d6       50%         6
q - Blink                 Tloc           54%        N/A       6%          2

Your spell library contained the following spells:

 Spells                   Type           Power      Damage    Failure   Level
 Freeze                   Ice            100%       1d11      0%          1
 Beastly Appendage        Tmut           100%       N/A       1%          1
 Necrotise                Necr           100%       1d9       1%          1
 Ensorcelled Hibernation  Hex/Ice        100%       N/A       1%          2
 Static Discharge         Conj/Air       63%        3-11/arc  1%          2
 Sublimation of Blood     Necr           86%        N/A       1%          2
 Passwall                 Tmut/Erth      35%        N/A       2%          2
 Apportation              Tloc           54%        N/A       4%          1
 Sandblast                Erth           54%        2d13      4%          1
 Summon Small Mammal      Summ           100%       N/A       4%          1
 Poisonous Vapours        Pois/Air       54%        N/A       6%          2
 Scorch                   Fire           54%        2d7       6%          2
 Conjure Flame            Conj/Fire      63%        6-21      1%          3
 Vampiric Draining        Necr           86%        2d12      1%          3
 Animate Dead             Necr           86%        N/A       1%          4
 Dispel Undead            Necr           86%        3d28      1%          4
 Ice Form                 Ice/Tmut       82%        N/A       1%          4
 Simulacrum               Ice/Necr       47%        N/A       1%          6
 Flame Wave               Conj/Fire      63%        2d15      3%          4
 Sticky Flame             Conj/Fire      63%        2d8       3%          4
 Metabolic Englaciation   Hex/Ice        37%        N/A       3%          5
 Irradiate                Conj/Tmut      35%        3d23      4%          5
 Death Channel            Necr           43%        N/A       4%          6
 Spider Form              Tmut/Pois      42%        N/A       5%          3
 Ignite Poison            Fire/Tmut/Pois 37%        N/A       7%          3
 Corpse Rot               Necr/Pois/Air  54%        N/A       8%          4
 Borgnjor's Vile Clutch   Necr/Erth      32%        N/A       9%          5
 Lightning Bolt           Conj/Air       31%        1d48      10%         5
 Confusing Touch          Hex            27%        N/A       13%         3
 Gell's Gravitas          Tloc           27%        N/A       13%         3
 Inner Flame              Hex/Fire       27%        N/A       13%         3
 Lesser Beckoning         Tloc           27%        N/A       13%         3
 Portal Projectile        Hex/Tloc       54%        N/A       13%         3
 Summon Guardian Golem    Hex/Summ       27%        N/A       13%         3
 Swiftness                Air            27%        N/A       13%         3
 Teleport Other           Tloc           27%        N/A       13%         3
 Tukima's Dance           Hex            27%        N/A       13%         3
 Petrify                  Tmut/Erth      42%        N/A       19%         4
 Blade Hands              Tmut           27%        N/A       22%         5
 Airstrike                Air            13%        2d(2-18)  38%         4
 Animate Armour           Summ/Erth      54%        N/A       38%         4
 Olgreb's Toxic Radiance  Pois           27%        N/A       38%         4
 Summon Lightning Spire   Summ/Air       27%        N/A       38%         4
 Alistair's Intoxication  Tmut/Pois      28%        N/A       45%         5
 Yara's Violent Unravell  Hex/Tmut       21%        3d10      45%         5
 Manifold Assault         Tloc           27%        N/A       75%         5
 Silence                  Hex/Air        13%        N/A       75%         5
 Summon Forest            Summ/Tloc      13%        N/A       75%         5
 Summon Mana Viper        Hex/Summ       27%        N/A       75%         5
 Infestation              Necr           43%        N/A       86%         8
 Dispersal                Tloc           13%        N/A       100%        6
 Summon Cactus Giant      Summ           13%        N/A       100%        6
 Enfeeble                 Hex            13%        N/A       100%        7
 Monstrous Menagerie      Summ           13%        N/A       100%        7
 Storm Form               Tmut/Air       21%        N/A       100%        7
 Summon Hydra             Summ           13%        N/A       100%        7
 Ignition                 Fire           13%        3d6       100%        8
 Lehudib's Crystal Spear  Conj/Erth      31%        10d8      100%        8
 Necromutation            Tmut/Necr      36%        N/A       100%        8
 Chain Lightning          Conj/Air       31%        3d42      100%        9
 Death's Door             Necr           43%        N/A       100%        9


Dungeon Overview and Level Annotations

Branches:
Dungeon (15/15)            Temple (0/1) D:7            Lair (5/5) D:9
 Shoals (4/4) Lair:2        Snake (4/4) Lair:2        Slime (0/5) Lair:5
    Orc (2/2) D:12            Elf (3/3) Orc:2        Vaults (5/5) D:14
  Crypt (0/3) Vaults:2     Depths (4/4) D:15           Hell (visited)
    Zot (1/5) Depths:4      IceCv (visited)
    Dis: Hell:1         Geh: Hell:1         Coc: Hell:1         Tar: Hell:1

Shops:
D:6 *:   Orc:1 *   Orc:2 :(==!   Elf:1 [   Shoals:1 !   Snake:1 =   Snake:4 *
Vaults:4 *

Portals:
Hell: Depths:1 Depths:2 Depths:3 Depths:4
Abyss: Depths:3
Pandemonium: Depths:2 Depths:4
Ziggurat: Depths:1

Annotations:
Elf:1 Roxanne
Vaults:1 2 transporters, Ruyty's ghost, adept DsGl
Depths:4 Josephina
Hell Geryon


Innate Abilities, Weirdness & Mutations

You have an increased reservoir of magic. (+10% MP)
You shall have no god before yourself.
Your divine heritage dramatically boosts your attributes as you level up.


Message History

You fly up through the gate.
Welcome back to the Depths!
There is a gate to the Realm of Zot, spattered with blood here.
Unknown command.
Unknown command.
Unknown command.
A red film seems to cover your vision as you go berserk!
You feel yourself moving faster!
You feel mighty!
Josephina hits you with a staff of cold!
Josephina freezes you!!!
* * * LOW HITPOINT WARNING * * *
Josephina freezes you!!
* * * LOW HITPOINT WARNING * * *
Josephina barely misses you.
Unknown command.
You hit Josephina but do no damage.
Josephina points at you and mumbles some strange words.
The flash freeze hits you!!
* * * LOW HITPOINT WARNING * * *
You are encased in ice.
Unknown command.
Unknown command.
Unknown command.
Unknown command.
Unknown command.
Unknown command.
Unknown command.
Unknown command.
Unknown command.
Unknown command.
You puncture Josephina!
Josephina is lightly damaged.
Unknown command.
Unknown command.
Unknown command.
Unknown command.
Unknown command.
You closely miss Josephina.
Josephina is lightly damaged.
Josephina hits you with a staff of cold!
You die...

≈#######≈≈..####.#.##......#
≈≈#####≈≈...# #..##########
..≈≈≈≈≈....## ##[##
...........####.(#### ######
...........##..[.[..## #.....
...####.##.#.###[###.# #.....
..[# #).=.#.###'###.# #..... ...#
#..###.##.L.##.##### #.....
...####°°.)..[).@.'......###.....
...##..)°###.##.[.##.###.........
...##.#..# #°###'###.# #####.....
...##.#..# #.###.###.# #####.
...##.#..####.......## #.
.#.#......☼☼####.######## #.
♣...♣.##..#☼# #.##.....# #.
.#.#.###..#.####.##.###.########.
..♣...#...#.......#.#......##....


You could see Josephina.

Vanquished Creatures
  An ancient lich (Vaults:4)
  Nikola (Shoals:1)
  3 bone dragons
  4 golden dragons
  the Enchantress (Depths:4)
  3 doom hounds
  4 Tzitzimimeh (Depths:2)
  Jorgrun (Orc:2)
  4 tentacled monstrosities
  2 liches
  3 titans (Vaults:5)
  A walking crystal tome (Depths:4)
  3 deep elf master archers (Elf:3)
  Grunn (Depths:2)
  Asterion (Vaults:3)
  3 deep elf blademasters (Elf:3)
  A kraken (Shoals:4)
  Frances (Elf:1)
  Gastronok (Lair:1)
  5 tengu reavers
  6 sphinxes
  Kirke (Elf:1)
  4 storm dragons
  4 nagarajas
  2 shadow dragons (Vaults:5)
  Donald (Snake:1)
  A draconian monk (Depths:4)
  2 fire giants
  11 deep elf sorcerers
  A ghost moth (Depths:4)
  7 frost giants
  An iron dragon (Vaults:4)
  15 vault wardens
  Louise (Snake:2)
  An orc warlord (Orc:1)
  21 ironbound preservers
  8 deep elf elementalists
  11 very ugly things
  A draconian shifter (Depths:4)
  3 reapers
  4 war gargoyles
  4 spriggan defenders
  15 stone giants
  2 green draconians (Depths:4)
  6 ironbound thunderhulks
  4 spark wasps (Depths:4)
  9 deep elf demonologists
  12 deep elf annihilators
  12 dire elephants
  A spark wasp (shapeshifter) (Vaults:5)
  3 red draconians (Depths:4)
  A putrid mouth (Depths:2)
  A white draconian (Depths:4)
  2 minotaurs (Shoals:4)
  A black draconian (Depths:4)
  7 entropy weavers
  9 ettins
  11 deep elf high priests
  4 merfolk javelineers
  2 jiangshi (Depths:1)
  8 deep elf death magi
  7 merfolk impalers
  7 fire dragons
  8 great orbs of eyes
  7 boulder beetles
  14 yaktaur captains
  Erolcha (Orc:1)
  A salamander tyrant (Snake:4)
  3 ice dragons
  5 rakshasas
  42 vault guards
  5 ogre magi
  11 hydras
  A peacekeeper (Vaults:3)
  4 merfolk avatars
  7 anacondas
  8 ironbound frosthearts
  2 alligator snapping turtles
  2 merfolk aquamancers
  14 dancing weapons
  28 two-headed ogres
  12 centaur warriors
  5 catoblepae
  15 satyrs (Shoals:4)
  8 death yaks
  9 spriggan air magi
  2 deep troll earth magi (Depths:1)
  6 spriggan berserkers
  15 naga warriors
  4 tengu warriors
  2 vampire magi (Depths:1)
  6 shock serpents
  An orc high priest (Orc:2)
  A soul eater (Depths:2)
  8 hell knights
  17 naga sharpshooters
  15 deep elf knights
  3 skeletal warriors
  4 sun demons
  9 salamander mystics
  A fire crab (shapeshifter) (Depths:3)
  A shadow wraith (Vaults:5)
  6 spriggans
  A deep troll (shapeshifter) (Depths:3)
  53 deep trolls
  6 naga ritualists
  12 sea snakes
  6 glowing orange brains
  3 lindwurms
  3 phantasmal warriors (Vaults:5)
  11 deep elf archers
  3 wizards
  27 deep elf zephyrmancers
  18 harpies
  15 ironbound convokers
  13 mana vipers
  5 orc knights
  7 necromancers
  A wolf spider (D:15)
  12 fauns
  An oklob plant (Lair:1)
  4 orc sorcerers
  32 deep elf pyromancers
  28 ugly things
  25 manticores
  A moth of wrath (shapeshifter) (Vaults:5)
  4 cyclopes
  22 vault sentinels
  29 salamanders
  An elephant (shapeshifter) (Elf:2)
  12 merfolk sirens
  17 eyes of devastation (Depths:2)
  8 guardian serpents
  A rust devil (Depths:2)
  12 elephants
  An ice statue (IceCv)
  Joseph (D:8)
  5 gargoyles
  Maurice (D:8)
  A smoke demon (Depths:1)
  A molten gargoyle (Hell)
  38 black mambas
  19 naga magi
  An eye of devastation (shapeshifter) (D:13)
  3 water nymphs
  A black mamba (shapeshifter) (D:13)
  14 cane toads
  11 komodo dragons
  An unseen horror (D:13)
  An efreet (D:13)
  3 rime drakes
  6 freezing wraiths
  A hellion (Depths:2)
  4 tormentors
  34 yaktaurs
  6 tengu conjurers
  12 ice devils (IceCv)
  A red devil (Depths:2)
  12 trolls
  25 merfolk
  A hornet (shapeshifter) (D:13)
  A polar bear (shapeshifter) (Elf:1)
  2 polar bears
  37 slime creatures
  6 hornets
  A blink frog (shapeshifter) (Vaults:5)
  2 wind drakes (Shoals:3)
  A raiju (shapeshifter) (Elf:1)
  20 dream sheep
  16 blink frogs
  A snapping turtle (shapeshifter) (Elf:2)
  12 snapping turtles
  2 air elementals
  A culicivora (Vaults:2)
  2 shadows (D:13)
  2 jumping spiders
  18 water elementals
  3 dire elephant simulacra (IceCv)
  2 vampires
  7 wraiths
  5 basilisks
  A hog (Elf:1)
  3 wyverns
  5 fire elementals
  63 yaks
  2 fire bats (Depths:1)
  A golden eye (shapeshifter) (Vaults:5)
  2 humans (Elf:1)
  3 golden eyes (Depths:2)
  13 vampire mosquitoes
  4 death yak simulacra (IceCv)
  A neqoxec (Depths:2)
  A steam dragon (D:7)
  A redback (shapeshifter) (Depths:3)
  A red draconian simulacrum (Zot:1)
  7 redbacks
  8 wargs
  An acid dragon (shapeshifter) (D:13)
  4 harpy simulacra (IceCv)
  5 acid dragons
  44 nagas
  A floating eye (Depths:3)
  14 water moccasins
  An ice beast (D:5)
  15 orc warriors
  31 ogres
  2 black bears
  5 wolves (Lair:2)
  4 boggarts (D:15)
  4 centaurs
  4 phantoms
  4 kobold brigands
  5 bullfrogs
  2 necrophages (D:6)
  A gnoll sergeant (D:9)
  5 earth elementals
  5 scorpions
  2 two-headed ogre simulacra (IceCv)
  4 cane toad simulacra (IceCv)
  4 wights (D:8)
  6 elephant simulacra (IceCv)
  6 killer bees
  7 howler monkeys
  A hound (D:6)
  Crazy Yiuf (D:2)
  A jelly (D:6)
  20 orc priests
  Jessica (D:2)
  8 iguanas
  Natasha (thrice) (D:2)
  25 orc wizards
  3 polar bear simulacra (IceCv)
  2 troll simulacra (IceCv)
  A spriggan simulacrum (IceCv)
  3 wolf simulacra (IceCv)
  10 gnolls
  5 adders
  A naga simulacrum (IceCv)
  4 shadow imps
  2 ufetubi
  79 orcs
  2 bats
  5 endoplasms
  3 giant cockroaches
  8 goblins
  5 hobgoblins
  4 jackals (D:2)
  28 kobolds
  7 quokkas
  7 ball pythons
  A frilled lizard (D:1)
  4 rats
  A tentacle (Shoals:4)
1876 creatures vanquished.

Vanquished Creatures (collateral kills)
  A manticore (D:15)
1 creature vanquished.

Vanquished Creatures (others)
  2 deep elf knights
  A deep elf zephyrmancer (Orc:2)
  A golden dragon simulacrum (Zot:1)
  An orc warrior (D:8)
  An orc (Orc:2)
  31 fulminant prisms
  66 fungi
  126 plants
  16 tentacles (Shoals:4)
245 creatures vanquished.

Grand Total: 2122 creatures vanquished

Notes
Turn   | Place    | Note
-------+----------+-------------------------------------------
     0 | D:5      | drugrobin the Demigod Delver began the quest for the Orb.
     0 | D:5      | Reached XP level 1. HP: 18/18 MP: 3/3
     5 | D:5      | Identified the +8 quarterstaff "Cogy" {freeze, rC+ Str+2}
    22 | D:6      | Noticed a water moccasin
    35 | D:6      | Noticed an orc priest
   181 | D:5      | Noticed a phantom
   223 | D:5      | Killed a phantom
   224 | D:5      | Reached skill level 4 in Fighting
   224 | D:5      | Reached XP level 2. HP: 28/28 MP: 4/4
   224 | D:5      | Reached XP level 3. HP: 34/34 MP: 5/5
   233 | D:5      | Noticed a centaur
   376 | D:5      | Noticed a scorpion
   459 | D:3      | Reached XP level 4. HP: 41/41 MP: 6/6
   527 | D:2      | Noticed Natasha
   529 | D:2      | Killed Natasha
   666 | D:1      | Reached skill level 5 in Fighting
  1562 | D:2      | Noticed Natasha
  1567 | D:2      | Killed Natasha
  1568 | D:2      | Reached skill level 1 in Staves
  1640 | D:2      | Noticed Jessica
  1652 | D:2      | Killed Jessica
  1653 | D:2      | Reached XP level 5. HP: 35/48 MP: 7/7
  1676 | D:2      | Noticed Natasha
  1680 | D:2      | Killed Natasha
  2059 | D:2      | Found a runed translucent door.
  2060 | D:2      | Noticed Crazy Yiuf
  2066 | D:2      | Killed Crazy Yiuf
  2474 | D:3      | Learned a level 1 spell: Summon Small Mammal
  2699 | D:4      | Reached XP level 6. HP: 48/57 MP: 7/9
  2851 | D:4      | Reached skill level 1 in Spellcasting
  3337 | D:4      | Learned a level 3 spell: Mephitic Cloud
  3719 | D:5      | Reached skill level 6 in Fighting
  3719 | D:5      | Reached skill level 1 in Conjurations
  3719 | D:5      | Reached XP level 7. HP: 55/63 MP: 12/12
  4751 | D:6      | Reached skill level 5 in Staves
  4751 | D:6      | Reached XP level 8. HP: 64/71 MP: 15/15
  4845 | D:6      | Learned a level 3 spell: Stone Arrow
  4924 | D:6      | Found Mobui's Book Shoppe.
  5218 | D:6      | Found Ullofeurgh's Serpentskin Sales.
  5247 | D:6      | Bought a +0 leather armour of poison resistance for 72 gold
                  | pieces
  5247 | D:6      | Bought 2 scrolls of poison for 96 gold pieces
  5643 | D:7      | Found a staircase to the Ecumenical Temple.
  5645 | D:7      | Reached skill level 7 in Fighting
  6083 | D:7      | Reached XP level 9. HP: 79/79 MP: 8/18
  7218 | D:8      | Noticed Maurice
  7315 | D:8      | Killed Maurice
  7461 | D:8      | Reached skill level 5 in Conjurations
  7470 | D:8      | Reached skill level 8 in Fighting
  7474 | D:8      | Reached skill level 5 in Spellcasting
  7584 | D:8      | Reached XP level 10. HP: 88/88 MP: 14/21
  7950 | D:8      | Noticed Joseph
  7965 | D:8      | Killed Joseph
  8577 | D:9      | Noticed a death yak
  8577 | D:9      | Noticed a death yak
  8577 | D:9      | Noticed a death yak
  8577 | D:9      | Noticed a death yak
  8577 | D:9      | Noticed a death yak
  8581 | D:9      | Noticed a death yak
  8791 | D:8      | Killed a death yak
  9288 | D:9      | Learned a level 1 spell: Magic Dart
  9291 | D:9      | Learned a level 2 spell: Searing Ray
  9296 | D:9      | Learned a level 4 spell: Fulminant Prism
  9302 | D:9      | Learned a level 5 spell: Freezing Cloud
  9367 | D:9      | Killed a death yak
  9488 | D:8      | Killed a death yak
  9616 | D:9      | Found a staircase to the Lair.
  9769 | D:10     | Entered Level 10 of the Dungeon
 10041 | D:10     | Noticed a manticore
 10051 | D:10     | Killed a manticore
 10249 | D:10     | Reached skill level 10 in Staves
 10587 | D:10     | Reached XP level 11. HP: 91/95 MP: 21/24
 10662 | D:10     | Reached skill level 9 in Fighting
 10821 | D:11     | Noticed an eight-headed hydra
 10938 | D:11     | You fall into a shaft and drop 2 floors!
 11013 | D:12     | Noticed a skeletal warrior
 11013 | D:12     | Noticed a skeletal warrior
 11225 | D:12     | Noticed a boulder beetle
 11431 | D:11     | Killed an eight-headed hydra
 11831 | Lair:1   | Entered Level 1 of the Lair of Beasts
 12269 | Lair:1   | Noticed Gastronok
 12306 | Lair:1   | HP: 3/97 [Gastronok (23)]
 12307 | Lair:1   | Killed Gastronok
 12553 | Lair:1   | Noticed a four-headed hydra
 12561 | Lair:1   | Killed a four-headed hydra
 13023 | Lair:1   | Reached XP level 12. HP: 65/106 MP: 27/27
 13153 | Lair:2   | Reached skill level 10 in Fighting
 13545 | Lair:2   | Found a staircase to the Snake Pit.
 13661 | Lair:2   | Found a staircase to the Shoals.
 14291 | Lair:3   | Reached skill level 11 in Fighting
 14586 | Lair:3   | Learned a level 2 spell: Wereblood
 15331 | Lair:4   | Reached skill level 12 in Fighting
 16092 | Lair:4   | Reached XP level 13. HP: 115/119 MP: 23/29
 16771 | Lair:5   | Entered Level 5 of the Lair of Beasts
 16830 | Lair:5   | Reached skill level 5 in Dodging
 16964 | Lair:5   | Reached skill level 13 in Fighting
 17166 | Lair:5   | Identified the +7 glaive "Uquog" {venom, Dex+6}
 17412 | Lair:5   | Learned a level 4 spell: Hailstorm
 17894 | Lair:5   | Reached skill level 14 in Fighting
 18148 | Lair:5   | Found a staircase to the Slime Pits.
 18948 | Lair:5   | Reached XP level 14. HP: 112/133 MP: 30/30
 19063 | Lair:5   | Learned a level 3 spell: Frozen Ramparts
 19764 | D:12     | Found a staircase to the Orcish Mines.
 19814 | Orc:1    | Entered Level 1 of the Orcish Mines
 19860 | Orc:1    | Found a frozen archway.
 19871 | IceCv    | Entered an ice cave
 20539 | IceCv    | Reached skill level 15 in Fighting
 20953 | IceCv    | Reached skill level 10 in Dodging
 21154 | Orc:1    | Noticed Erolcha
 21177 | Orc:1    | Killed Erolcha
 21639 | Orc:2    | Entered Level 2 of the Orcish Mines
 22063 | Orc:2    | Noticed Jorgrun
 22157 | Orc:2    | Found Wetenku's Distillery.
 22165 | Orc:2    | Bought 2 potions of curing for 90 gold pieces
 22165 | Orc:2    | Bought a potion of heal wounds for 75 gold pieces
 22165 | Orc:2    | Bought a potion of lignification for 45 gold pieces
 22165 | Orc:2    | Bought 2 potions of flight for 90 gold pieces
 22165 | Orc:2    | Bought a potion of cancellation for 120 gold pieces
 22165 | Orc:2    | Bought a potion of brilliance for 60 gold pieces
 22165 | Orc:2    | Bought a potion of attraction for 45 gold pieces
 22213 | Orc:2    | Found a staircase to the Elven Halls.
 22443 | Orc:2    | Paralysed by an ogre mage for 3 turns
 22594 | Orc:2    | Killed Jorgrun
 22744 | Orc:2    | Reached skill level 16 in Fighting
 23389 | Orc:1    | Noticed an orc warlord
 23389 | Orc:1    | Found Muejant's Assorted Antiques.
 23549 | Orc:1    | Killed an orc warlord
 23668 | Orc:2    | Reached XP level 15. HP: 92/144 MP: 14/31
 23747 | Orc:2    | Found Feeher's Jewellery Shoppe.
 23747 | Orc:2    | Found Omif's Jewellery Shop.
 23751 | Orc:2    | Found Yrphim's Book Emporium.
 23751 | Orc:2    | Found Veinwer's Weapon Shop.
 24071 | Orc:1    | Bought a scroll labelled RIRHAI WIEHUISH for 36 gold pieces
 24744 | D:13     | Identified the amulet "Ruoqis" {-Tele rPois Regen+ rCorr
                  | Dex+9}
 25344 | D:13     | Reached skill level 17 in Fighting
 25480 | D:13     | HP: 7/147 [slime creature (7)]
 27267 | D:14     | Found a gate to the Vaults.
 27660 | Snake:1  | Entered Level 1 of the Snake Pit
 28317 | Snake:1  | Found Goel Yca's Jewellery Emporium.
 28340 | Snake:1  | Bought the ring "Jemiunt" {rC+ Will+ Dex-4 SInv} for 497
                  | gold pieces
 28633 | Snake:1  | Noticed Donald
 28702 | Snake:2  | Noticed a nagaraja
 28720 | Snake:1  | Learned a level 2 spell: Blink
 28734 | Snake:2  | Killed a nagaraja
 29109 | Snake:2  | You fall into a shaft and drop 1 floor!
 29112 | Snake:3  | Reached XP level 16. HP: 157/157 MP: 32/32
 29546 | Snake:2  | Reached skill level 18 in Fighting
 29890 | Snake:1  | Killed Donald
 30498 | Snake:2  | Noticed Louise
 30644 | Snake:2  | Killed Louise
 32451 | Snake:3  | Reached skill level 1 in Ice Magic
 33835 | Snake:3  | Reached skill level 15 in Dodging
 34785 | Snake:4  | Entered Level 4 of the Snake Pit
 36593 | Snake:4  | Reached XP level 17. HP: 134/166 MP: 22/35
 37199 | Snake:4  | Found Raxequ's Gadget Gallery.
 37215 | Snake:4  | Reached skill level 10 in Spellcasting
 38449 | Snake:4  | Got a serpentine rune of Zot
 38759 | Shoals:1 | Entered Level 1 of the Shoals
 38796 | Shoals:1 | Reached skill level 10 in Conjurations
 38987 | Shoals:1 | Identified the +2 battleaxe "Neyh" {flame, Will- Int+4
                  | SInv}
 39043 | Shoals:1 | Paralysed by a merfolk siren for 3 turns
 39071 | Shoals:1 | Noticed Nikola
 39093 | Shoals:1 | Killed Nikola
 39548 | Shoals:1 | Found Zimar's Distillery.
 39557 | Shoals:1 | Bought 2 potions of mutation for 208 gold pieces
 39557 | Shoals:1 | Bought a potion of invisibility for 104 gold pieces
 39557 | Shoals:1 | Bought a potion of might for 52 gold pieces
 39557 | Shoals:1 | Bought a potion of heal wounds for 65 gold pieces
 39557 | Shoals:1 | Bought a potion of heal wounds for 65 gold pieces
 39914 | Shoals:1 | Reached skill level 19 in Fighting
 41268 | Shoals:3 | Learned a level 3 spell: Ozocubu's Armour
 42417 | Shoals:4 | Entered Level 4 of the Shoals
 43275 | Shoals:4 | Reached skill level 5 in Ice Magic
 43345 | Shoals:4 | Reached XP level 18. HP: 176/176 MP: 36/38
 43682 | Shoals:4 | Got the Folio of Cloudy Heat
 43684 | Shoals:4 | Got a barnacled rune of Zot
 44273 | D:15     | Entered Level 15 of the Dungeon
 44625 | D:15     | Found a staircase to the Depths.
 44717 | D:15     | Reached skill level 1 in Evocations
 45238 | Vaults:1 | Entered Level 1 of the Vaults
 47206 | Vaults:1 | Found a transporter.
 47206 | Vaults:1 | Found a transporter.
 47218 | Vaults:1 | Noticed Ruyty's ghost (adept DsGl)
 47314 | Vaults:1 | Reached skill level 5 in Evocations
 47447 | Vaults:1 | Learned a level 7 spell: Ozocubu's Refrigeration
 47519 | Vaults:2 | Reached skill level 10 in Ice Magic
 48194 | Vaults:2 | Reached XP level 19. HP: 182/182 MP: 28/40
 48421 | Vaults:2 | Found a staircase to the Crypt.
 52004 | Vaults:3 | Noticed Asterion
 52014 | Vaults:3 | Killed Asterion
 52493 | Vaults:3 | Found a portal to a secret trove of treasure.
 53055 | Vaults:4 | Found Zemmod's General Store.
 53881 | Vaults:4 | Reached skill level 20 in Fighting
 55061 | Elf:1    | Entered Level 1 of the Elven Halls
 55249 | Elf:1    | Paralysed by an air elemental for 1 turns
 55253 | Orc:2    | Paralysed by an air elemental for 1 turns
 55365 | Elf:1    | Noticed a Tzitzimitl
 55794 | Orc:2    | Reached XP level 20. HP: 183/193 MP: 36/41
 56140 | Elf:1    | Noticed Frances
 56146 | Elf:1    | Killed Frances
 56177 | Elf:1    | Found Xitissai's Antique Armour Emporium.
 56187 | Elf:1    | Bought a bloodstained helmet for 256 gold pieces
 56187 | Elf:1    | Identified the +1 helmet of a Million Planets {rN+ Int+3
                  | Dex+5} (You bought it in a shop on level 1 of the Elven
                  | Halls)
 56772 | Elf:1    | Identified Roxanne's Octavo of Shapes
 56772 | Elf:1    | Noticed Roxanne
 56970 | Elf:1    | Noticed Kirke
 56975 | Elf:1    | Killed Kirke
 58356 | Elf:2    | Found a runed translucent gate.
 58356 | Elf:2    | Found a runed translucent gate.
 58358 | Elf:2    | Found a runed translucent gate.
 58488 | Elf:2    | Reached skill level 15 in Ice Magic
 58651 | Elf:3    | Entered Level 3 of the Elven Halls
 58871 | Elf:3    | Paralysed by an air elemental for 1 turns
 59820 | Elf:3    | Identified the +12 halberd "Wyucyruh" {antimagic, Int+2}
 59849 | Elf:3    | Identified the +8 plate armour of Somewhere Else {*Slow
                  | Will+ Dex+3}
 59987 | Elf:3    | Identified the +8 scimitar of Execution {freeze, Str+4
                  | Int+5}
 60040 | Elf:3    | Identified the +7 short sword of Tetteel {antimagic,
                  | *Corrode rPois Dex+2}
 60367 | Elf:3    | Identified the +7 long sword of Hospitality {vorpal,
                  | Fragile rCorr Str-5 Int+9}
 60522 | Elf:3    | Identified the +1 leather armour "Wesae" {rN+ Str+2 Int-4
                  | Stlth+}
 60523 | Elf:3    | Identified the +0 ring mail "Fuokk" {rPois rC- Str+4 Dex+8}
 60580 | Elf:3    | Identified the +0 cloak of Cynicism {*Corrode rPois Int+5}
 60582 | Elf:3    | Identified the +9 shortbow "Guguwec" {speed, Dex+2 Stlth+}
 61119 | Depths:1 | Entered Level 1 of the Depths
 61738 | Vaults:3 | You paid a toll of a +5 demon blade to enter a treasure
                  | trove
 61739 | Trove    | Entered a treasure trove
 61746 | Trove    | Identified the +2 helmet of Xoist {rC- Will++ Dex+5}
 61760 | Trove    | Learned a level 4 spell: Summon Ice Beast
 61761 | Trove    | Identified the amulet of Corhor {Rampage Regen+}
 61769 | Trove    | Identified the ring of Lehamn {rC+ rN++ Int+7}
 61773 | Trove    | Identified the +7 long sword of the Vanishing Tales {flame,
                  | +Blink rPois rC+ Int-3}
 62217 | Depths:1 | Reached XP level 21. HP: 160/201 MP: 25/45
 62697 | Depths:2 | Reached skill level 1 in Armour
 62822 | Depths:2 | Found the +2 hood of the Assassin {Detection Stab+ Stlth++}
 63211 | Depths:2 | Noticed Grunn
 64657 | Depths:1 | Found a one-way gateway to a ziggurat.
 64710 | Depths:1 | Reached skill level 1 in Shields
 65376 | Depths:1 | Found a gateway to Hell.
 66012 | Depths:2 | Reached skill level 5 in Armour
 66227 | Depths:2 | Identified a scroll of acquirement
 66228 | Depths:2 | Acquired a staff of cold
 66946 | Depths:3 | Found a one-way gate to the infinite horrors of the Abyss.
 66983 | Depths:3 | Reached skill level 15 in Spellcasting
 67150 | Depths:2 | Found a one-way gate leading to the halls of Pandemonium.
 69108 | Depths:3 | Noticed a golden dragon
 69498 | Depths:3 | Killed a golden dragon
 69834 | Depths:3 | You fall into a shaft and drop 1 floor!
 69834 | Depths:4 | Entered Level 4 of the Depths
 69844 | Depths:4 | Noticed the Enchantress
 70533 | Hell     | Entered the Vestibule of Hell
 70535 | Hell     | Noticed Geryon
 71313 | Depths:3 | Learned a level 6 spell: Iron Shot
 72565 | Depths:2 | Killed Grunn
 73239 | Depths:2 | Acquired the Spellbook of Diablerie and Lightning
 73244 | Depths:2 | Identified the +10 broad axe of Rawkuver {pain, Dex+2}
 73550 | Depths:3 | Reached skill level 1 in Necromancy
 74318 | Depths:4 | Noticed a golden dragon
 74345 | Depths:4 | Reached skill level 5 in Shields
 74353 | Depths:4 | Killed a golden dragon
 74354 | Depths:4 | Reached XP level 22. HP: 180/209 MP: 14/47
 74787 | Depths:4 | Found a gate to the Realm of Zot.
 75909 | Vaults:5 | Entered Level 5 of the Vaults
 75914 | Vaults:5 | Reached skill level 5 in Necromancy
 75915 | Vaults:5 | Noticed an ancient lich
 76493 | Vaults:4 | Killed an ancient lich
 77332 | Vaults:5 | Reached skill level 1 in Transmutations
 77694 | Vaults:5 | Reached skill level 10 in Necromancy
 77711 | Vaults:5 | Reached skill level 10 in Armour
 77877 | Vaults:5 | Got the Cyclopedia of Maledictive Conjuration
 77918 | Vaults:5 | Found the +8 storm bow {elec, penet}
 78337 | Vaults:5 | Identified the +8 dagger of the Toadstool {speed, rElec
                  | Str+2 Dex+3}
 78410 | Vaults:5 | Found the +5 robe of Night {Dark Will+ SInv}
 78900 | Vaults:5 | Got a silver rune of Zot
 79456 | Vaults:5 | Got Zitutivi's Volume of the Boreal Welkin
 80041 | Zot:1    | Entered Level 1 of the Realm of Zot
 80041 | Zot:1    | Identified the ring "Uneugan" {Ice rPois}
 80041 | Zot:1    | Noticed Josephina
 80129 | Depths:4 | Killed the Enchantress
 80504 | Depths:4 | HP: 6/303 [Josephina/flash freeze (30)]
 80506 | Depths:4 | Slain by Josephina

Illustrated notes

Levels and vault maps discovered:
D:1:      dpeg_arrival_round_b, layout_basic, basic_ecumenical_altar,
          minmay_misc_feat_pillars, minmay_misc_feat_tower
D:2:      layout_loops_ring, uniq_jessica, uniq_natasha, uniq_crazy_yiuf_cottage
D:3:      layout_rooms, nicolae_dithmenos_the_darkroom,
          minmay_fractal_squares_gapless_5
D:4:      wad_woods_settlement, layout_basic, lemuel_round_altar,
          minmay_misc_feat_cross
D:5:      layout_rooms, nicolae_ru_sacrificial_ziggurat
D:6:      layout_gridville, serial_shops, shop, guppyfry_shop_venom
D:7:      layout_loops_ring, minmay_temple_entry_junction
D:8:      layout_loops_ring, fedhas_altar_3, xom_confusion_cloud, uniq_maurice,
          uniq_joseph
D:9:      layout_rooms, mainiacjoe_overflow_chevrons, dpeg_lair_monsters
D:10:     layout_basic
D:11:     layout_cave_pools
D:12:     layout_basic, erik_orc_4, minmay_misc_feat_secret_circle
D:13:     minmay_spiral_squares, layout_basic, nemelex_lonely_heart_becter
D:14:     layout_rooms, grunt_vaults_entry_fortified, roderic_lattice_a
D:15:     hangedman_depths_entry_try_elsewhere_first, layout_irregular_city,
          solitary_fountain
Lair:1:   layout_cave_pods, lemuel_oklob_altar, grunt_megastairs_2,
          uniq_gastronok
Lair:2:   layout_cave_shapes, elwin_shoals_entry_rocks,
          guppyfry_snake_entry_garden
Lair:3:   layout_loops_ring, st_stairs_6, nicolae_lair_lindhole,
          grunt_megastairs_3
Lair:4:   layout_layer_cave, infiniplex_staircase_pool_2, grunt_megastairs_4
Lair:5:   evilmike_catoblepas_cave, layout_regular_city, slime_entry_1,
          minivault_24, minmay_shattered_shrine, serial_bayou_shore_b,
          lemuel_fruit_tree
Shoals:1: layout_shoals, serial_shops, nicolae_lakefront_shop, uniq_nikola
Shoals:2: layout_shoals, nicolae_shoals_loop_pool
Shoals:3: layout_shoals
Shoals:4: shoals_end_hellmonk_lost_city
Snake:1:  cheibrodos_snake_ritualist_ritual, layout_onion, serial_shops,
          nicolae_shop_waterfront, uniq_donald
Snake:2:  layout_misc_corridors, uniq_louise
Snake:3:  layout_chambers, nicolae_snake_gridmaze_swirls, drop_trap
Snake:4:  grunt_snake_rune_pools, layout_onion,
          nicolae_snake_serpentine_hallways, nicolae_snake_round_shape_thing,
          drop_trap, st_stairs_2, serial_bayou_ford_a, nicolae_shop_gadgets
Orc:1:    layout_caves, portal_ice_cave_entry_pillars_1, serial_shops,
          shop_statue, uniq_erolcha
Orc:2:    st_orc_ogre_mass, layout_caves, serial_shops, shop, uniq_jorgrun
Elf:1:    minmay_elf_arrival_summoners, layout_loops_cross, serial_shops,
          nicolae_shop_crystal, kennysheep_underground_church, st_stairs_1,
          uniq_roxanne, uniq_frances, uniq_kirke
Elf:2:    elven_hall_of_blades_hangedman_original
          [nicolae_blade_entry_floor_patterns], layout_gridlike,
          dreamdust_mushroom_princess
Elf:3:    nooodl_elf_gasket, layout_geoelf_grid
Vaults:1: gammafunk_ghost_wrathful_warriors, vaults_room_boxed,
          nicolae_vaults_big_angled_halls, hangedman_vaults_impose,
          hangedman_vaults_trim, vaults_dpeg_diagonal, vaults_standard_mumra_x,
          vaults_room_hallway, vaults_room_fours, layout_vaults_big_room
Vaults:2: v_misc_5, minmay_crypt_entry_necro_gods, v_misc_12,
          ontoclasm_vaults_claustrophobia,
          nicolae_vaults_windows_and_doors_thing, v_misc_12, vaults_mumra_hex,
          ontoclasm_vaults_decontamination, vaults_mumra_chevron_long, v_misc_2,
          vaults_dpeg_cross, nicolae_vaults_gold_heap,
          nicolae_vaults_specimen_jars, grunt_vaults_hallway_long,
          nicolae_vaults_little_squares_6, layout_vaults_big_cross
Vaults:3: nicolae_vaults_little_squares_1, nicolae_vaults_octagons,
          vaults_mumra_minichess_inversion, v_rooms_5,
          nicolae_vaults_little_squares_4, ontoclasm_vaults_ring_large,
          ontoclasm_vaults_misaligned, vaults_mumra_hexcomb,
          nicolae_vaults_little_squares_3, hangedman_vaults_stream,
          nicolae_vaults_sealed_display, vaults_dpeg_ring, layout_vaults_ring,
          nicolae_trove_entry_crossroad, uniq_asterion
Vaults:4: vaults_mumra_minichess, v_alt_pattern_6, layout_vaults_omnigrid,
          serial_shops, shop
Vaults:5: serial_shops
Depths:1: layout_cave_pools, ziggurat_fallback, hellmouth_1,
          nicolae_water_bricks, grunt_ministairs_5, kennysheep_path_1,
          kilobyte_mutagenic_chamber
Depths:2: minmay_eyes, layout_basic, hell_entry, hangedman_decor_peaks_small,
          rand_demon_pan_entry_7, uniq_grunn
Depths:3: cheibrodos_salmonella, layout_gridlike, kennysheep_small_spiral,
          nicolae_abyss_entry_one_way_or_another, hell_entry
Depths:4: grunt_crosshair, layout_basic, pan_entry, pf_coc_iceberg,
          kennysheep_crisscross, uniq_enchantress
Hell
Zot:1:    grunt_zot_stairs_mandelzot, layout_concentric_octagons, uniq_josephina

Skill      XL: |  1  2  3  4  5  6  7  8  9 10 11 12 13 14 15 16 17 18 19 20 21 22 |
---------------+-------------------------------------------------------------------+-----
Fighting       | 4 5 6 7 8 9 12 14 16 17 18 19 20 | 20.3
Staves         | 1 2 3 5 6 8 10 11 12 13 14 | 14.0
Spellcasting   | 1 2 3 5 6 7 8 9 11 12 14 15 | 15.3
Conjurations   | 1 2 3 5 6 7 8 9 11 12 | 12.0
Dodging        | 4 8 11 14 15 | 15.1
Ice Magic      | 4 5 11 13 16 17 18 | 18.0
Evocations     | 6 8 |  8.0
Armour         | 8 10 | 10.6
Shields        | 5 |  5.0
Necromancy     | 2 12 | 12.3
Transmutations | 4 |  4.0
Axes           | |  1.7
Stealth        | |  4.5

Action                   |  1- 3 |  4- 6 |  7- 9 | 10-12 | 13-15 | 16-18 | 19-21 | 22-24 || total
-------------------------+-------+-------+-------+-------+-------+-------+-------+-------++-------
Melee: Quarterstaff      |    14 |   138 |   232 |   495 |  1096 |  1236 |   362 |       ||  3573
       Dagger            |       |    14 |       |       |       |       |       |       ||    14
       Punch             |       |     1 |       |       |       |       |       |       ||     1
       Staff             |       |       |       |     4 |       |       |    62 |   151 ||   217
       Trident           |       |       |       |       |       |     4 |       |       ||     4
       Demon trident     |       |       |       |       |       |       |   704 |   329 ||  1033
 Fire: Sling             |       |     2 |       |       |       |       |       |       ||     2
       Shortbow          |       |       |     4 |     2 |       |       |       |       ||     6
Throw: Boomerang         |       |       |    10 |    10 |     3 |       |       |       ||    23
       Dart              |       |       |     4 |     7 |     5 |     3 |     1 |       ||    20
 Cast: Summon Small Mamm |       |     3 |     3 |     2 |     1 |       |       |       ||     9
       Stone Arrow       |       |       |    37 |   140 |   410 |   664 |   325 |    66 ||  1642
       Mephitic Cloud    |       |       |     6 |    20 |    51 |    17 |    10 |       ||   104
       Magic Dart        |       |       |       |    30 |    37 |    36 |    79 |     2 ||   184
       Searing Ray       |       |       |       |     8 |    29 |    14 |     4 |     2 ||    57
       Freezing Cloud    |       |       |       |     2 |       |    56 |    64 |    15 ||   137
       Wereblood         |       |       |       |     1 |     1 |       |       |     2 ||     4
       Hailstorm         |       |       |       |       |    31 |    58 |    30 |     1 ||   120
       Fulminant Prism   |       |       |       |       |     3 |    10 |    12 |     6 ||    31
       Frozen Ramparts   |       |       |       |       |       |    15 |    11 |     2 ||    28
       Blink             |       |       |       |       |       |     4 |    16 |     8 ||    28
       Ozocubu's Armour  |       |       |       |       |       |    13 |    21 |     3 ||    37
       Ozocubu's Refrige |       |       |       |       |       |     2 |   276 |    80 ||   358
       Iron Shot         |       |       |       |       |       |       |     3 |       ||     3
       Summon Ice Beast  |       |       |       |       |       |       |     2 |     3 ||     5
Evoke: Wand              |     1 |     1 |       |     2 |     4 |     1 |    11 |     4 ||    24
       Lightning rod     |       |       |       |       |     4 |       |       |     1 ||     5
       Condenser vane    |       |       |       |       |       |     4 |     2 |     2 ||     8
       Phantom mirror    |       |       |       |       |       |     2 |     1 |       ||     3
       Phial of floods   |       |       |       |       |       |       |     4 |     1 ||     5
       Box of beasts     |       |       |       |       |       |       |     3 |       ||     3
  Use: Scroll            |       |       |       |    12 |     4 |     9 |    11 |       ||    36
       Potion            |       |       |       |       |     3 |     8 |     3 |     2 ||    16
 Stab: Paralysed         |     5 |     2 |       |       |       |       |     3 |     2 ||    12
       Sleeping          |     2 |     7 |     3 |     2 |     3 |     3 |    12 |     1 ||    33
       Confused          |       |       |     1 |    18 |    26 |     6 |     1 |       ||    52
       Distracted        |       |       |     1 |       |     1 |     2 |     1 |       ||     5
Armor: Chain mail        |       |    36 |       |       |       |       |       |       ||    36
       Leather armour    |       |    27 |    73 |    22 |       |       |       |       ||   122
       Troll leather arm |       |       |       |   109 |   332 |   419 |   169 |       ||  1029
       Fire dragon scale |       |       |       |       |       |       |   173 |   223 ||   396
Dodge: Dodged            |     5 |    59 |   128 |   241 |   851 |  1122 |   713 |   290 ||  3409
Block: Other             |       |    23 |    52 |    57 |       |       |       |       ||   132
       Reflection        |       |       |     3 |     4 |       |       |       |       ||     7
       Buckler           |       |       |       |       |       |       |   138 |   134 ||   272

Table legend: (Time is in decaauts)
 A = Elapsed time spent in this place.
 B = Non-inter-level travel time spent in this place.
 C = Inter-level travel time spent in this place.
 D = Time resting spent in this place.
 E = Time spent auto-exploring this place.
 F = Levels seen in this place.
 G = Mean time per level.
                   A        B        C        D        E       F      G
               +--------+--------+--------+--------+--------+-----+--------+
         Total |  79660 |  73587 |   6073 |  19617 |  32661 |  46 | 1731.7 |
       Dungeon |  18937 |  16167 |   2770 |   1907 |  10078 |  15 | 1262.5 |
          Lair |   8028 |   7350 |    678 |    807 |   4810 |   5 | 1605.6 |
        Shoals |   5230 |   5112 |    118 |   1094 |   2142 |   4 | 1307.5 |
     Snake Pit |  10541 |  10111 |    430 |   3258 |   3896 |   4 | 2635.2 |
  Orcish Mines |   3763 |   3565 |    198 |   1355 |   1148 |   2 | 1881.5 |
   Elven Halls |   4724 |   4456 |    268 |    951 |   1723 |   3 | 1574.7 |
        Vaults |  13655 |  12663 |    992 |   3771 |   4529 |   5 | 2731.0 |
        Depths |  13472 |  12858 |    614 |   6196 |   3907 |   4 | 3368.0 |
          Hell |      9 |      9 |      0 |      0 |      0 |   1 |    9.0 |
           Zot |     11 |     11 |      0 |      0 |      0 |   1 |   11.0 |
         Trove |     55 |     55 |      0 |      0 |      0 |   1 |   55.0 |
      Ice Cave |   1231 |   1231 |      0 |    274 |    425 |   1 | 1231.0 |
               +--------+--------+--------+--------+--------+-----+--------+

Top non-repeatable levels by time:
Depths:1: 3862 daAuts
Depths:3: 3849 daAuts
Depths:2: 3636 daAuts
 Snake:3: 3328 daAuts
 Snake:4: 3209 daAuts
Vaults:3: 3176 daAuts
Vaults:4: 2860 daAuts
Vaults:5: 2609 daAuts
Vaults:1: 2596 daAuts
Vaults:2: 2412 daAuts
   Orc:2: 2399 daAuts
 Snake:2: 2341 daAuts
  Lair:5: 2184 daAuts
Depths:4: 2123 daAuts
     D:8: 2110 daAuts
